 Dungeon Crawl Stone Soup version 0.28-a0-983-g1de4e0787c (webtiles) character file.

Game seed: 6393442515379371001

5810 Goblin1989 the Slicer (level 10, -3/76 HPs)
             Began as a Demonspawn Brigand on Dec 2, 2021.
             Was an Elder of Uskayaw.
             Slain by an orc warrior (22 damage)
             ... on level 9 of the Dungeon.
             The game lasted 00:24:18 (9653 turns).

Goblin1989 the Slicer (Demonspawn Brigand)          Turns: 9653, Time: 00:24:18

Health: -3/76      AC:  7    Str: 17 (18) XL:     10   Next: 50%
Magic:  14/14      EV: 16    Int: 12      God:    Uskayaw [****..]
Gold:   75         SH:  4    Dex: 11      Spells: 9/9 levels left

rFire   + . .      SeeInvis .   a - +2 short sword (flame)
rCold   . . .      Faith    .   t - +0 buckler
rNeg    . . .      Spirit   .   p - +0 ring mail
rPois   +          Reflect  .   (helmet restricted)
rElec   +          Harm     .   c - +0 cloak
rCorr   .          Rampage  .   (no gloves)
Will    .....                   (no boots)
Stlth   ++........              (no amulet)
HPRegen 0.22/turn               J - ring of Aplos {rElec rPois rF+ Dex-4 Stlth-}
MPRegen 0.14/turn               M - +4 ring of evasion

@: no status effects
A: horns 2, demonic guardian 2, spiny 2, sharp scales 1, deterioration 1, strong
1
a: Renounce Religion, Stomp, Line Pass


You were on level 9 of the Dungeon.
You worshipped Uskayaw.
Uskayaw was noncommittal.
You visited 2 branches of the dungeon, and saw 10 of its levels.
You also visited: Sewer.

You collected 475 gold pieces.
You spent 400 gold pieces at shops.

Inventory:

Hand Weapons
 a - a +2 short sword of flaming (weapon)
 q - a +0 hand crossbow
 K - a +0 scimitar of flaming
 R - the +7 mace of Variability {chain chaos}
   (You found it on level 7 of the Dungeon)

   Each time it hits an enemy it has a different, random effect.
   It occasionally unleashes arcs of chaos on nearby creatures upon striking a
   foe.
Missiles
 d - 27 poisoned darts (quivered)
 e - a curare-tipped dart
 g - 4 javelins {@Q2}
 y - 5 atropa-tipped darts
 O - 84 bolts
Armour
 c - a +0 cloak (worn)
 p - a +0 ring mail (worn)
 t - a +0 buckler (worn)
Magical Staves
 P - a staff of fire
Jewellery
 l - a ring of flight
 J - the ring of Aplos (left hand) {rElec rPois rF+ Dex-4 Stlth-}
   (You bought it in a shop on level 6 of the Dungeon)

   [ring of protection from fire]

   Dex:       It affects your dexterity (-4).
   rF:        It protects you from fire.
   rElec:     It insulates you from electricity.
   rPois:     It protects you from poison.
   Stlth:     It makes you less stealthy.
 M - a +4 ring of evasion (right hand)
Wands
 H - a wand of flame (34) {@v6}
 L - a wand of paralysis (5) {@v7}
 Q - a wand of iceblast (9) {@v4}
 V - a wand of mindburst (2)
Scrolls
 n - a scroll of summoning {unknown}
 r - 2 scrolls of blinking {unknown}
 s - a scroll of holy word {unknown}
 w - 3 scrolls of noise
 x - a scroll of amnesia {unknown}
 C - a scroll of brand weapon {unknown}
 F - 2 scrolls of enchant armour {unknown}
 G - 3 scrolls of vulnerability {unknown}
 N - a scroll of magic mapping {unknown}
 S - a scroll of torment {unknown}
 T - 2 scrolls of teleportation {!r, @r2}
 U - a scroll of immolation {unknown}
Potions
 m - a potion of lignification
 o - 2 potions of cancellation
 u - a potion of berserk rage
 v - a potion of ambrosia {unknown}
 z - a potion of flight {unknown}
 A - a potion of resistance {unknown}
 B - a potion of heal wounds {unknown}
 D - a potion of might {unknown}
 E - a potion of experience {unknown}
 I - a potion of haste {@q3,}
 W - 2 potions of invisibility {unknown}
 X - a potion of attraction {unknown}
 Y - a potion of mutation {!q}
 Z - 2 potions of curing {unknown}


   Skills:
 + Level 6.2 Fighting
 * Level 8.9 Short Blades
 - Level 3.0 Throwing
 + Level 0.9 Armour
 + Level 5.5 Dodging
 + Level 7.0 Stealth
 - Level 4.0 Shields
 + Level 6.3 Invocations


You had 9 spell levels left.
You didn't know any spells.
Your spell library contained the following spells:

 Spells                   Type           Power      Damage    Failure   Level
 Pain                     Necr           0%         1d4       52%         1
 Blink                    Tloc           0%         N/A       67%         2
 Passwall                 Tmut/Erth      0%         N/A       67%         2
 Swiftness                Air            0%         N/A       88%         3
 Vampiric Draining        Necr           0%         2d6       88%         3
 Airstrike                Air            0%         N/A       99%         4
 Summon Lightning Spire   Summ/Air       0%         N/A       99%         4
 Lightning Bolt           Conj/Air       0%         1d11      100%        5
 Manifold Assault         Tloc           0%         N/A       100%        5
 Storm Form               Tmut/Air       0%         N/A       100%        7
 Infestation              Necr           0%         N/A       100%        8
 Summon Horrible Things   Summ           0%         N/A       100%        8


Dungeon Overview and Level Annotations

Branches:
Dungeon (9/15)             Temple (1/1) D:5           Sewer (visited)
   Lair: D:8-11         Orc: D:9-12

Altars:
Ashenzari
Cheibriados
Dithmenos
Elyvilon
Fedhas
Gozag
Hepliaklqana
Kikubaaqudgha
Makhleb
Nemelex Xobeh
Okawaru
Qazlal
Ru
Sif Muna
Trog
Uskayaw
Vehumet
Wu Jian
Xom
Yredelemnul
Zin
The Shining One

Shops:
D:6 =

Annotations:
D:2 exclusion: 3 gnolls, Terence
D:3 exclusion: necrophage
D:8 2 transporters


Innate Abilities, Weirdness & Mutations

You have a pair of horns on your head.
A demonic guardian rushes to your aid.
You are mostly covered in sharp spines.
You are partially covered in razor-sharp scales. (AC +1, Slay +1)
Your body sometimes deteriorates upon taking damage.
Your muscles are strong. (Str +2)


Message History

You take 10 damage, and have 66/76 hp.
Throw: 29 darts (poison)
Press: ? - help, Q - select action, (/) - cycle Shift-Dir - straight line, f/p - orc priest
Aim: an orc priest, wielding a +0 hand axe (heavily wounded, poisoned, 62% to hit)
You throw a poisoned dart.
The poisoned dart hits the water moccasin.
The water moccasin completely misses you.
Throw: 28 darts (poison)
Press: ? - help, Q - select action, (/) - cycle Shift-Dir - straight line, f/p - orc priest
Aim: an orc priest, wielding a +0 hand axe (heavily wounded, poisoned, 62% to hit)
You throw a poisoned dart.
The poisoned dart closely misses the water moccasin.
The poisoned dart closely misses the orc warrior.
The poisoned dart hits the orc priest!
The orc priest looks even sicker.
The orc priest is heavily wounded.
The water moccasin barely misses you.
You hit the water moccasin. You burn the water moccasin.
You headbutt the water moccasin!
The water moccasin is heavily wounded.
The water moccasin misses you.
You can now pass through a line of other dancers.
You puncture the water moccasin! You burn the water moccasin.
You kill the water moccasin!
The orc warrior is no longer moving slowly.
You hit the orc priest. You burn the orc priest.
You kill the orc priest!
You puncture the orc warrior! You burn the orc warrior.
You kill the orc warrior!
The orc barely misses you. You block the orc's attack.
An orc wizard comes into view. It is wielding a +0 dagger.
Items here: ( )) [ ††.
The orc wizard shouts!
You puncture the orc! You burn the orc.
You kill the orc!
You hear a shout!
You block the orc's attack.
Uskayaw will force your foes to helplessly watch your dance.
Uskayaw prepares the audience for your solo!
The helpless orc fails to defend itself.
You perforate the orc like a sieve!!! You burn the orc.
You kill the orc!
An orc priest comes into view. It is wielding a +0 flail.
The orc wizard is no longer paralysed.
Things that are here:
a +0 war axe; an orc corpse An orc warrior comes into view.
It is wielding a +0 halberd and carrying a wand of flame (11).
Uskayaw prepares the audience for your solo!
A wyvern comes into view.
The helpless orc wizard fails to defend itself.
You perforate the orc wizard like a sieve!!!
You burn the orc wizard.
You kill the orc wizard!
The orc warrior is no longer paralysed.
The orc priest is no longer paralysed.
Items here: $ ) [ †.
You closely miss the orc priest.
The wyvern hisses angrily.
You headbutt the orc priest.
The orc priest is moderately wounded.
The orc warrior hits you from afar with a +0 halberd!
The orc priest hits you with a +0 flail.
Uskayaw will force your foes to share their pain.
Uskayaw links your audience in an emotional bond!
You take 15 damage, and have 54/76 hp.
You hit the orc priest. You burn the orc priest. You headbutt the orc priest.
You kill the orc priest!
The orc warrior hits you from afar with a +0 halberd!
The wyvern bites you!
* * * LOW HITPOINT WARNING * * *
Your body deteriorates!
You feel weakened.
You are too injured to fight recklessly!
You take 28 damage, and have 26/76 hp.
MASSIVE DAMAGE!!
You are too injured to fight recklessly!
You are too injured to fight recklessly!
You are too injured to fight recklessly!
You are too injured to fight recklessly!
You are too injured to fight recklessly!
You are too injured to fight recklessly!
You are too injured to fight recklessly!
You are too injured to fight recklessly!
You are too injured to fight recklessly!
You are too injured to fight recklessly!
You are too injured to fight recklessly!
You are too injured to fight recklessly!
You are too injured to fight recklessly!
You are too injured to fight recklessly!
You are too injured to fight recklessly!
You are too injured to fight recklessly!
You are too injured to fight recklessly!
You are too injured to fight recklessly!
You barely miss the wyvern.
The wyvern is heavily wounded.
The wyvern is struck by your spines. The wyvern bites you!
* * * LOW HITPOINT WARNING * * *
A demonic guardian appears!
You take 7 damage, and have 19/76 hp.
You hit the wyvern. You burn the wyvern.
You kill the wyvern!
The orc warrior hits you from afar with a +0 halberd!!
You die... █...████████████ █........█.....██ ██████

█...............██ █.....
██....<...........█ █.....
█..oo.............█ █.....
█......(..........████████.....
███........(......())..)))<......
....█Y.o...(.((4(..)████████....[
....o█.......(.)@..██ █.....
......█...........██ █.....
......███....█o████ .......
......█ ██.... .██████ ......█
█[.. █. ......█ █.█. < ......█
█.. ......█ █.. ......█


You could see an orc warrior (pain bonded) and a friendly hellwing (summoned).

Vanquished Creatures
  Erica (D:8)
  2 centaur zombies
  Maurice (D:8)
  A kobold demonologist (D:8)
  A hornet (D:4)
  A troll (D:5)
  Grinder (D:3)
  Prince Ribbit (D:7)
  A wyvern (D:9)
  A wraith (D:6)
  Menkaure (D:7)
  An acid dragon (D:8)
  3 water moccasins
  An ice beast (D:5)
  Pargi (Sewer)
  3 orc warriors
  2 sky beasts
  An ogre (D:7)
  A centaur (D:6)
  A phantom (D:4)
  2 kobold brigands
  4 bullfrogs
  A scorpion (D:7)
  2 water moccasin zombies (D:6)
  A wyvern skeleton (D:7)
  10 killer bees (D:7)
  3 howler monkeys
  A hound (D:5)
  5 orc priests
  A gnoll shaman (D:6)
  A centaur skeleton (D:7)
  3 orc wizards
  3 iguanas
  A hound skeleton (D:5)
  A howler monkey zombie (D:8)
  10 adders
  6 gnolls
  A shadow imp (D:6)
  5 worms
  5 dart slugs
  18 orcs
  4 endoplasms
  7 giant cockroaches
  5 goblins
  5 hobgoblins
  8 quokkas
  8 ball pythons
  4 bats
  2 frilled lizards
  19 kobolds
  6 rats
178 creatures vanquished.

Vanquished Creatures (collateral kills)
  An orc priest (D:4)
1 creature vanquished.

Grand Total: 179 creatures vanquished

Notes
Turn   | Place    | Note
-------+----------+-------------------------------------------
     0 | D:1      | Goblin1989 the Demonspawn Brigand began the quest for the
                  | Orb.
     0 | D:1      | Reached XP level 1. HP: 16/16 MP: 1/1
    20 | D:1      | Reached skill level 2 in Short Blades
   103 | D:1      | Gained mutation: You are partially covered in sharp spines.
                  | [demonic ancestry]
   103 | D:1      | Reached XP level 2. HP: 22/22 MP: 2/2
   875 | D:2      | Reached skill level 3 in Short Blades
   875 | D:2      | Reached XP level 3. HP: 27/27 MP: 3/3
   877 | D:2      | Found a shimmering altar of Xom.
   924 | D:2      | HP: 1/27 [gnoll (10)]
   934 | D:2      | Reached skill level 4 in Short Blades
   934 | D:2      | Gained mutation: You have a pair of small horns on your
                  | head. [demonic ancestry]
   934 | D:2      | Reached XP level 4. HP: 3/33 MP: 4/4
  1522 | D:2      | Noticed Terence
  1548 | D:2      | Reached skill level 1 in Dodging
  1803 | D:2      | Found a faded altar of an unknown god.
  2362 | D:3      | Noticed a necrophage
  2410 | D:3      | Gained mutation: A weak demonic guardian rushes to your
                  | aid. [demonic ancestry]
  2410 | D:3      | Reached XP level 5. HP: 36/38 MP: 5/5
  2527 | D:3      | Got the Grimoire of Summoning and Black Rituals
  2814 | D:3      | Noticed Grinder
  2823 | D:3      | Paralysed by Grinder for 4 turns
  2844 | D:3      | Gained mutation: Your muscles are strong. (Str +2) [potion
                  | of mutation]
  2844 | D:3      | Gained mutation: Your body sometimes deteriorates upon
                  | taking damage. [potion of mutation]
  2846 | D:3      | Killed Grinder
  2847 | D:3      | Reached skill level 5 in Short Blades
  2847 | D:3      | Gained mutation: You are mostly covered in sharp spines.
                  | [demonic ancestry]
  2847 | D:3      | Reached XP level 6. HP: 14/46 MP: 6/6
  3913 | D:4      | Noticed a hornet
  3919 | D:4      | Killed a hornet
  3920 | D:4      | Reached skill level 1 in Shields
  3920 | D:4      | Reached XP level 7. HP: 52/52 MP: 7/7
  4404 | D:5      | Entered Level 5 of the Dungeon
  4630 | D:5      | Found a glowing drain.
  4634 | Sewer    | Entered a sewer
  4683 | Sewer    | Noticed Pargi
  4689 | Sewer    | Killed Pargi
  4690 | Sewer    | Reached skill level 6 in Short Blades
  4864 | D:5      | Found a hazy altar of Hepliaklqana.
  4949 | D:5      | Found a sparkling altar of Nemelex Xobeh.
  4981 | D:5      | Reached skill level 5 in Stealth
  4981 | D:5      | Gained mutation: A demonic guardian rushes to your aid.
                  | [demonic ancestry]
  4981 | D:5      | Reached XP level 8. HP: 60/60 MP: 8/8
  5028 | D:5      | Found a staircase to the Ecumenical Temple.
  5045 | Temple   | Entered the Ecumenical Temple
  5295 | Temple   | Became a worshipper of Uskayaw the Reveller
  5312 | D:5      | Reached * piety under Uskayaw
  5314 | D:5      | Reached ** piety under Uskayaw
  5319 | D:5      | Reached *** piety under Uskayaw
  5576 | D:5      | Noticed a troll
  5633 | D:5      | Killed a troll
  6268 | D:6      | soulesssniper: phew
  6611 | D:6      | Goblin1989: hi
  6611 | D:6      | soulesssniper: Hey, that troll was close
  6611 | D:6      | Goblin1989: yeah
  6711 | D:6      | Reached skill level 7 in Short Blades
  6711 | D:6      | Gained mutation: You have a pair of horns on your head.
                  | [demonic ancestry]
  6711 | D:6      | Reached XP level 9. HP: 66/66 MP: 11/11
  6769 | D:6      | Reached **** piety under Uskayaw
  6773 | D:6      | Reached ***** piety under Uskayaw
  6829 | D:6      | Found Tentan's Jewellery Shop.
  7018 | D:6      | Found a shadowy altar of Dithmenos.
  7259 | D:7      | Noticed Prince Ribbit
  7568 | D:7      | Killed Prince Ribbit
  7569 | D:7      | Reached skill level 5 in Fighting
  7603 | D:7      | Noticed Menkaure
  7614 | D:7      | Killed Menkaure
  7938 | D:7      | Found the +7 mace of Variability {chain chaos}
  8099 | D:7      | Reached skill level 8 in Short Blades
  8105 | D:7      | Reached skill level 5 in Invocations
  8232 | D:8      | Found a transporter.
  8414 | D:8      | Gained mutation: You are partially covered in razor-sharp
                  | scales. (AC +1, Slay +1) [demonic ancestry]
  8414 | D:8      | Reached XP level 10. HP: 64/75 MP: 13/13
  8523 | D:8      | Noticed Maurice
  8535 | D:8      | Reached skill level 5 in Dodging
  8549 | D:8      | Killed Maurice
  8752 | D:8      | Noticed Erica
  8772 | D:8      | Killed Erica
  8983 | D:8      | Found a transporter.
  9188 | D:6      | Bought the ring of Aplos {rElec rPois rF+ Dex-4 Stlth-} for
                  | 400 gold pieces
  9653 | D:9      | Slain by an orc warrior

Illustrated notes

Levels and vault maps discovered:
D:1:      amcnicky_arrival_double_pillar, layout_basic
D:2:      layout_loops_ring, shapermc_ecumenical_altar_ellora, basic_altar,
          hangedman_decor_growths, minmay_pentomino_p2, uniq_terence
D:3:      layout_loops_cross, kennysheep_small_spiral, kennysheep_path_1,
          minmay_fractal_squares_diagonal_5, uniq_grinder
D:4:      cheibrodos_helix_gallery, layout_basic
D:5:      layout_loops_ring, minmay_temple_entry_mini_moons,
          gup_sewer_entry_bowl, hangedman_feature_mirror,
          chequers_serial_rivers_room_a, hangedman_decor_clover_reticule,
          nicolae_underground_beach
D:6:      layout_loops_corners, grunt_dithmenos_smoke, serial_shops, shop
D:7:      layout_basic, kennysheep_generic_room_2, uniq_menkaure,
          uniq_prince_ribbit1
D:8:      gammafunk_steamed_eel, layout_basic, chequers_serial_rivers_small_3,
          uniq_erica, uniq_maurice
D:9:      layout_rooms, david_lair_generic, nicolae_shop_firing_range,
          uniq_gastronok, uniq_grum
Temple:   mainiacjoe_temple_hex_bubbles

Skill      XL: |  1  2  3  4  5  6  7  8  9 10 |
---------------+-------------------------------+-----
Short Blades   | 2 3 4 5 6 7 8 |  8.9
Dodging        | 1 2 3 4 5 |  5.5
Stealth        | 4 5 6 7 |  7.0
Fighting       | 3 4 5 6 |  6.2
Shields        | 1 2 3 4 |  4.0
Throwing       | 2 3 |  3.0
Invocations    | 3 5 6 |  6.3
Armour         | |  0.9

Action                   |  1- 3 |  4- 6 |  7- 9 | 10-12 || total
-------------------------+-------+-------+-------+-------++-------
Melee: Dagger            |    43 |   108 |    64 |       ||   215
       Headbutt          |       |    23 |    52 |    13 ||    88
       Short sword       |       |       |   222 |    61 ||   283
Throw: Dart              |    11 |    27 |     9 |    17 ||    64
       Javelin           |     4 |       |       |       ||     4
Evoke: Wand              |       |       |     1 |       ||     1
  Use: Potion            |       |     3 |       |       ||     3
       Scroll            |       |       |     5 |       ||     5
 Stab: Sleeping          |     7 |     3 |     6 |       ||    16
       Paralysed         |       |       |     9 |     3 ||    12
       Distracted        |       |       |       |     1 ||     1
Armor: Robe              |     5 |     2 |       |       ||     7
       Ring mail         |       |    11 |    63 |    10 ||    84
       Skin              |       |     7 |       |       ||     7
Dodge: Dodged            |    13 |    33 |   115 |    18 ||   179
Block: Buckler           |       |     4 |    49 |     6 ||    59

Table legend: (Time is in decaauts)
 A = Elapsed time spent in this place.
 B = Non-inter-level travel time spent in this place.
 C = Inter-level travel time spent in this place.
 D = Time resting spent in this place.
 E = Time spent auto-exploring this place.
 F = Levels seen in this place.
 G = Mean time per level.
                   A        B        C        D        E       F      G
               +--------+--------+--------+--------+--------+-----+--------+
         Total |   9523 |   8851 |    672 |   1314 |   6076 |  11 |  865.7 |
       Dungeon |   9100 |   8454 |    646 |   1314 |   5719 |   9 | 1011.1 |
        Temple |    259 |    233 |     26 |      0 |    232 |   1 |  259.0 |
         Sewer |    163 |    163 |      0 |      0 |    125 |   1 |  163.0 |
               +--------+--------+--------+--------+--------+-----+--------+

Top non-repeatable levels by time:
     D:3: 1417 daAuts
     D:5: 1414 daAuts
     D:2: 1228 daAuts
     D:6: 1139 daAuts
     D:7: 1059 daAuts
     D:8: 1030 daAuts
     D:4: 875 daAuts
     D:1: 826 daAuts
  Temple: 259 daAuts
   Sewer: 163 daAuts
     D:9: 107 daAuts
